[Event "*** Titled Tuesday Blitz"]
[Site "Chess.com"]
[Date "2021.03.16"]
[Round "3"]
[White "whogeeyao"]
[Black "Maddie"]
[Result "1-0"]
[WhiteElo "2363"]
[BlackElo "2068"]
[TimeControl "180+1"]
[EndTime "10:28:58 PDT"]
[Termination "whogeeyao won by resignation"]

1. e4 c5 2. Nf3 Nc6 3. d4 cxd4 4. Nxd4 g6 5. Nxc6 bxc6 6. Qd4 Nf6 7. e5 Nh5 8. Bc4 Bg7 9. g4 Qa5+ 10. Bd2 Qxe5+ 11.
Qxe5 Bxe5 12. gxh5 Bxb2 13. Bc3 Bxa1 14. Bxa1 O-O 15. Rg1 d5 16. Bd3 Rb8 17. Nd2 c5 18. hxg6 hxg6 19. Be5 Rb6 20. c4 d4 21. Kd1 Rb2 22.
Bb1 Be6 23. Kc1 Rb6 24. h4 f6 25. Bc7 Rb7 26. Bf4 g5 27. hxg5 fxg5 28. Rxg5+ Kf7 29. Be5 Ke8 30. Be4 Kd7 31. Bxb7 Rxf2 32. Bd5 Re2 33. Bg7 Bxd5 34. Rxd5+ Kc6 35. Bf8 e6 36. Rd6+ Kc7 37. Nb3 e5 38. Kb1 Rf2 39. Nxc5 Rxf8 40. Ne6+ Kxd6 41. Nxf8 e4 42. Kb2 Ke5 43. Kb3 e3 44.
Ng6+ Ke4 45. Nh4 e2 46. Ng2 e1=Q 47. Nxe1 Ke3 48. c5 Kd2 49. Nf3+ Ke2 50. Nxd4+ Kd3 51. c6 Kxd4 52. c7 Kc5 53. c8=Q+ Kb6 54. Qc4 1-0

[Event "*** Titled Tuesday Blitz"]
[Site "Chess.com"]
[Date "2021.03.16"]
[Round "3"]
[White "Vice64"]
[Black "Gabix_94"]
[Result "0-1"]
[WhiteElo "2599"]
[BlackElo "2809"]
[TimeControl "180+1"]
[EndTime "10:28:59 PDT"]
[Termination "Gabix_94 won by resignation"]

1. e4 c5 2. Nf3 Nc6 3. d4 cxd4 4. Nxd4 Qb6 5. Nb3 Nf6 6. Nc3 e6 7. Be3 Qc7 8. a3 a6 9. f3 b5 10. Qd2 Bb7 11. g4 Ne5 12. Be2 b4 13. axb4 Bxb4 14.
g5 Nh5 15. Qd4 Nc6 16. Qb6 Qxb6 17. Bxb6 Nf4 18. Kf2 Nxe2 19. Kxe2 Rc8 20. Na5 Bxa5 21. Bxa5 Nd4+ 22. Kf2 O-O 23. Bb4 Rfe8 24. Rhc1 Rc4 25. Bd6 Rec8 26. Bf4 f5 27. Be3 fxe4 28. fxe4 Rf8+ 29.
Kg2 Nf5 30. Kf3 Nd6+ 31. Ke2 Nxe4 32. Nxe4 Rxe4 33. Rf1 Rc8 34. c3 Bc6 35. Rf4 Bb5+ 36. Kf2 Rxf4+ 37. Bxf4 Rf8 38. Ke3 Rf5 39. b3 d5 40. h4 Kf7 41. Rc1 e5 42. Bh2 Ke6 43.
c4 dxc4 44. bxc4 Bc6 45. Re1 a5 46. Kd3 a4 47. Kc3 e4 48. Rd1 Rf3+ 49. Kb4 Rd3 50. Rxd3 exd3 51. Bf4 Kf5 52. Bc1 Kg4 53. Kc3 Be4 54.
Kb4 Kxh4 55. Kxa4 Kg4 56. c5 Kf3 57. Kb5 Ke2 58. c6 d2 59. Bxd2 Kxd2 60. c7 Bf5 61. Kc5 Ke3 62. Kd6 Kf4 63. Ke7 Kxg5 64. Kf7 g6 65. Kg7 h5 0-1

[Event "*** Titled Tuesday Blitz"]
[Site "Chess.com"]
[Date "2021.03.16"]
[Round "3"]
[White "Agibileg"]
[Black "DonBroca"]
[Result "1-0"]
[WhiteElo "2521"]
[BlackElo "2212"]
[TimeControl "180+1"]
[EndTime "10:28:59 PDT"]
[Termination "Agibileg won by resignation"]

1. d4 Nf6 2. c4 e6 3. Nc3 Bb4 4. Qc2 c5 5. dxc5 O-O 6. a3 Bxc5 7. Nf3 d5 8. cxd5 Nxd5 9. Nxd5 Qxd5 10. e4 Qc6 11. Bd3 b6 12. b4 Be7 13. Bb2 Qxc2 14. Bxc2 Ba6 15. O-O-O Nc6 16. Kb1 Rfd8 17. Rhe1 Rac8 18.
Ng1 Bc4 19. Nf3 a5 20. Nd2 Bb5 21. a4 Bd3 22. Bxd3 Rxd3 23. b5 Nb4 24. Nf3 Rb3 25. Rc1 Rxb2+ 26. Kxb2 Nd3+ 27. Kb1 Nxc1 28. Rxc1 Rxc1+ 29.
Kxc1 Bc5 30. Ne5 Bxf2 31. Kd2 f6 32. Nd3 Bd4 33. Nc1 Kf7 34. Kd3 Bg1 35. Kc4 g5 36.
Nd3 Bxh2 37. Ne1 Bg1 38. Nf3 Be3 39. Kd3 Bc5 40. e5 h6 41. exf6 Kxf6 42. Ke4 Bf2 43. Ne5 h5 44. Nd3 h4 45. Nxf2 g4 46. Nxg4+ Kg5 47.
Nf2 Kf6 48. Kf4 e5+ 49. Ke4 Ke6 50. Nd3 Kf6 51. Nxe5 h3 52. gxh3 Kg5 53. Nd7 Kh4 54. Nxb6 Kxh3 55. Nc4 Kh4 56. b6 Kg5 57. b7 Kf6 58.
b8=Q Ke7 59. Qb6 Kd7 60. Qxa5 Ke7 61. Qb6 Kf7 62. a5 Ke7 63. a6 Kf7 64. a7 1-0

[Event "*** Titled Tuesday Blitz"]
[Site "Chess.com"]
[Date "2021.03.16"]
[Round "3"]
[White "Myshakov_Fedor"]
[Black "Zhigalko_Sergei"]
[Result "0-1"]
[WhiteElo "2366"]
[BlackElo "2938"]
[TimeControl "180+1"]
[EndTime "10:29:02 PDT"]
[Termination "Zhigalko_Sergei won on time"]

1. c4 e5 2. Nc3 Nf6 3. Nf3 Nc6 4. g3 Bb4 5. Nd5 Ba5 6. b4 Nxd5 7. cxd5 Nxb4 8.
Nxe5 Qe7 9. Bb2 O-O 10. Bg2 d6 11. a3 dxe5 12. axb4 Bxb4 13. O-O a5 14. Qc2 Bd6 15.
e3 Re8 16. f4 e4 17. f5 f6 18. Ra4 Bb4 19. Rf4 Bd7 20. Ra1 Qd6 21. Rxe4 Rxe4 22.
Bxe4 Re8 23. d3 c6 24. Qc4 Kh8 25. dxc6 Bxc6 26. Bxc6 bxc6 27. Bd4 h6 28. e4 Rd8 29. Bb6 Qxd3 30. Qxd3 Rxd3 31. Bxa5 Bd6 32. Bb6 Be5 33. Ra8+ Kh7 34. Rc8 Rb3 35. Bc5 Rc3 36. Bf8 Rc4 37.
Kg2 Rxe4 38. Rxc6 Re2+ 39. Kf3 Rd2 40. Ra6 Rd3+ 41. Ke4 Rd8 42. Be7 Rd7 43. Bc5 Rc7 44. Be3 Rc4+ 45. Kf3 Rc3 46. h3 Bd4 47. Re6 Kg8 48.
Re4 Be5 49. g4 Rc2 50. Rb4 Rh2 51. Rb7 Rxh3+ 0-1

[Event "*** Titled Tuesday Blitz"]
[Site "Chess.com"]
[Date "2021.03.16"]
[Round "3"]
[White "enriquetejedor"]
[Black "pavelalexandru07"]
[Result "1-0"]
[WhiteElo "2538"]
[BlackElo "2290"]
[TimeControl "180+1"]
[EndTime "10:29:04 PDT"]
[Termination "enriquetejedor won by resignation"]

1. e4 c5 2. d3 d6 3. g3 g6 4. Bg2 Bg7 5. f4 Nc6 6. Nf3 e6 7. O-O Nge7 8. Nc3 O-O 9. Be3 Nd4 10. Nh4 f5 11. Qd2 Rb8 12. Nd1 Qc7 13. c3 Ndc6 14. exf5 Nxf5 15. Nxf5 gxf5 16. Kh1 Ne7 17. Bg1 Ng6 18.
d4 cxd4 19. Bxd4 e5 20. Bxa7 Ra8 21. Be3 Kh8 22. Nf2 Be6 23. a3 Bc4 24. Rfe1 e4 25.
Bd4 Rae8 26. Bxg7+ Kxg7 27. Nd1 Kg8 28. Ne3 Be6 29.
Rad1 Rd8 30. Nd5 Qc5 31. Ne3 d5 32. Nc2 Ne7 33. Nd4 Bd7 34. Bf1 Rc8 35. Nb3 Qd6 36. Nd4 Qf6 37. Qe3 Be6 38. Nb3 Bf7 39. Qd4 Qxd4 40.
Nxd4 Kg7 41. Bg2 Kf6 42. Bh3 Bg6 43. Bf1 Nc6 44. Kg1 Nxd4 45. Rxd4 Bf7 46. Red1 Be6 47.
Kf2 Rfd8 48. Rb4 Rd7 49. Ke3 Rdc7 50. Rdd4 Ra8 51. Be2 Rac8 52. Rb6 Ke7 53. Rdb4 Kd7 54. Rxb7 Kd6 55. R7b6+ Rc6 56. Rxc6+ Rxc6 57. a4 Ra6 58. Bxa6 1-0

[Event "*** Titled Tuesday Blitz"]
[Site "Chess.com"]
[Date "2021.03.16"]
[Round "3"]
[White "Pinkito"]
[Black "vinniethepooh"]
[Result "0-1"]
[WhiteElo "2465"]
[BlackElo "2706"]
[TimeControl "180+1"]
[EndTime "10:29:05 PDT"]
[Termination "vinniethepooh won on time"]

1. d4 Nf6 2. c4 e6 3. Nf3 d5 4.
Nc3 c6 5. cxd5 exd5 6. Bg5 Be7 7.
e3 Bf5 8. Bxf6 Bxf6 9. Bd3 Bxd3 10. Qxd3 O-O 11. O-O Nd7 12. b4 a6 13. a4 Nb6 14.
Nd2 Rc8 15. b5 axb5 16. axb5 c5 17. dxc5 Rxc5 18. Na4 Nxa4 19. Rxa4 Qb6 20. Rb1 Rfc8 21. g3 g6 22. Nf3 Kg7 23. Rf4 Qd6 24. Nd4 Rc3 25. Qe2 Be5 26. Rh4 Qe7 27. Nf3 Bf6 28. Rf4 R8c4 29. Rd1 Rxf4 30. gxf4 Qe4 31. Nd4 Rc4 32.
Nf3 Rc2 33. Rd2 Rc1+ 34. Rd1 Rc2 35. Rd2 Rc1+ 36. Rd1 Rc3 37. Nd4 Rc4 38. Nf3 Qf5 39. Kh1 Rc2 40. Rd2 Rc1+ 41. Rd1 Rc2 42. Rd2 Rc1+ 43.
Rd1 Rc3 44. Kg2 Qg4+ 45. Kh1 Qe6 46. Nd4 Qh3 47. Qf3 Qd7 48. Ne2 Rb3 49. Qxd5 Qxb5 50.
Qxb5 Rxb5 51. Rd7 Rb2 52. Nd4 Bxd4 53. exd4 Rxf2 54. Rxb7 Rxf4 0-1

[Event "*** Titled Tuesday Blitz"]
[Site "Chess.com"]
[Date "2021.03.16"]
[Round "3"]
[White "anon102030"]
[Black "rpragchess"]
[Result "0-1"]
[WhiteElo "2704"]
[BlackElo "2920"]
[TimeControl "180+1"]
[EndTime "10:29:06 PDT"]
[Termination "rpragchess won by checkmate"]

1. e4 c5 2. Nc3 Nc6 3. g3 g6 4. Bg2 Bg7 5. d3 d6 6. Be3 h5 7. h3 Nf6 8. f4 Bd7 9. Nf3 Qc7 10.
d4 cxd4 11. Nxd4 Qc8 12. Qd2 Na5 13. b3 Nc6 14. Rd1 a6 15. Na4 Nxd4 16. Bxd4 Bxa4 17. bxa4 O-O 18. O-O Qc4 19. a5 Rac8 20. c3 e5 21. fxe5 dxe5 22. Bxe5 Nxe4 23. Bxe4 Bxe5 24. Bxb7 Rc7 25.
Bd5 Qxc3 26. Qxc3 Rxc3 27. Rf3 Rxf3 28. Bxf3 Bxg3 29. Bb7 Re8 30. Bxa6 Ra8 31. Bc4 Rxa5 32. Rd7 Rf5 33. a4 Be1 34. Kg2 Kg7 35. Re7 Ba5 36. Bd3 Rg5+ 37. Kf3 Rd5 38. Bc4 Rf5+ 39. Ke4 Bc3 40. Ra7 h4 41. Kd3 Be1 42. Ke2 Bb4 43.
Bb5 g5 44. Bd3 Re5+ 45. Kf1 Re3 46. Bc4 Rf3+ 47. Kg2 Rf4 48. Bd5 Bc5 49. Rc7 Bb6 50. Rb7 Be3 51. Bc6 Rf2+ 52. Kh1 Rf1+ 53. Kg2 Rf2+ 54.
Kh1 Kg6 55. Be4+ f5 56. Bd3 Rd2 57. Bb1 Rd1+ 58. Kg2 Rd2+ 59. Kf3 Bd4 60. Rb5 Rf2# 0-1

[Event "*** Titled Tuesday Blitz"]
[Site "Chess.com"]
[Date "2021.03.16"]
[Round "3"]
[White "Artem_Sadovsky"]
[Black "PavelChernomordik"]
[Result "1-0"]
[WhiteElo "2612"]
[BlackElo "2400"]
[TimeControl "180+1"]
[EndTime "10:29:06 PDT"]
[Termination "Artem_Sadovsky won on time"]

1. e4 g6 2. d4 Bg7 3. Nf3 d6 4. Bc4 e6 5. Bb3 b6 6. Bg5 Ne7 7. Nbd2 h6 8. Be3 Bb7 9. h4 O-O 10.
h5 g5 11. Bxg5 hxg5 12. h6 Ng6 13. hxg7 Kxg7 14. Qe2 Nf4 15. Qf1 Qf6 16. g3 Ng6 17. O-O-O Nd7 18. Qe2 Rh8 19. Qe3 g4 20. Nh2 c5 21. c3 cxd4 22. cxd4 Rac8+ 23. Kb1 e5 24. d5 Nc5 25. Nxg4 Qe7 26. Nh6 Kf8 27. Nf5 Qf6 28.
Rh6 Rxh6 29. Qxh6+ Ke8 30. Bc2 Kd7 31. b4 Rh8 32. Qe3 Na6 33. Ba4+ Kc7 34. Rc1+ Kb8 35. Nc4 Bxd5 36. Nxb6 Be6 37. Nxd6 Bxa2+ 38. Kxa2 Qxd6 39. Nd5 Ne7 40. Nxe7 Qxe7 41. Rb1 Rd8 42. Qc3 Qd6 43. Bb5 Nc7 44. Bc4 Qd2+ 45. Qxd2 Rxd2+ 46. Rb2 Rxb2+ 47. Kxb2 f6 48. Kc3 Kc8 49. Bd5 Kd7 50. Kc4 Ke7 51. Bc6 Kd6 52. Bb7 1-0

[Event "*** Titled Tuesday Blitz"]
[Site "Chess.com"]
[Date "2021.03.16"]
[Round "3"]
[White "crazy_but_lazy"]
[Black "NoGuru"]
[Result "0-1"]
[WhiteElo "2470"]
[BlackElo "2296"]
[TimeControl "180+1"]
[EndTime "10:29:11 PDT"]
[Termination "NoGuru won by checkmate"]

1. e4 c6 2. d4 d5 3. exd5 cxd5 4. Bd3 Nc6 5. c3 Nf6 6. Bf4 Bg4 7. Qb3 Qd7 8. Nd2 e6 9. Ngf3 Bd6 10. Bxd6 Qxd6 11.
O-O O-O 12. Rae1 Ne7 13. h3 Bf5 14. Bxf5 Nxf5 15. Ne5 b5 16. Nd3 a5 17. a4 b4 18.
Nc5 Rab8 19. Qc2 bxc3 20. bxc3 Rfc8 21. Rb1 Qf4 22. Nf3 Ne4 23. Rxb8 Rxb8 24. Rb1 Rc8 25.
Rb5 Nxc5 26. Rxc5 Rxc5 27. dxc5 Qc7 28. Qb3 Qxc5 29. Qb8+ Qf8 30. Qb6 g6 31. Ne5 Qd6 32. Qxd6 Nxd6 33. f3 Kg7 34. Nd7 Nc4 35. Kf2 f6 36. g4 Kf7 37. Nc5 Ke7 38. Nb7 Nb2 39. Nxa5 Nxa4 40. c4 d4 41. Ke2 e5 42. Nb3 Kd6 43. Kd3 Nc5+ 44. Nxc5 Kxc5 45. h4 f5 46. h5 e4+ 47. fxe4 fxe4+ 48. Kxe4 Kxc4 49. hxg6 hxg6 50. Ke5 d3 51. Kf6 d2 52. Kxg6 d1=Q 53. g5 Qd7 54.
Kf6 Kd5 55. g6 Qe6+ 56. Kg7 Qe7+ 57. Kh8 Ke6 58. g7 Qh4+ 59. Kg8 Kf6 60. Kf8 Qb4+ 61. Kg8 Qb8+ 62. Kh7 Qc7 63. Kh6 Qxg7+ 64. Kh5 Qg5# 0-1

[Event "*** Titled Tuesday Blitz"]
[Site "Chess.com"]
[Date "2021.03.16"]
[Round "3"]
[White "Unknown_IM"]
[Black "VladaSviridova"]
[Result "1-0"]
[WhiteElo "2401"]
[BlackElo "2219"]
[TimeControl "180+1"]
[EndTime "10:29:15 PDT"]
[Termination "Unknown_IM won by resignation"]

1. e4 e6 2. d4 d5 3. Bd3 dxe4 4.
Bxe4 Nf6 5. Bf3 c5 6. Ne2 Be7 7. O-O O-O 8. Be3 Qc7 9. Nbc3 a6 10. Qe1 Nc6 11. Rd1 cxd4 12. Nxd4 Ne5 13. Be2 Neg4 14. Bxg4 Nxg4 15. Nf3 Nxe3 16. Qxe3 b5 17. Qe5 Qxe5 18.
Nxe5 Bf6 19. Rfe1 Bxe5 20. Rxe5 Bb7 21. Rd7 Bc6 22. Rd6 Rac8 23. a3 h6 24. f3 Rfd8 25. Rxd8+ Rxd8 26. Rc5 Rd6 27. Kf1 f5 28. Ke2 Kf7 29.
Na2 a5 30. Nc3 b4 31. axb4 axb4 32. Na2 b3 33. Nb4 Bd5 34. Nxd5 exd5 35. cxb3 Ke6 36. Kd3 Rb6 37. Kc3 d4+ 38. Kc4 d3 39. f4 d2 40.
Re5+ Kf6 41. Rd5 g5 42. fxg5+ hxg5 43. Rxd2 f4 44. b4 Ke5 45. Kc5 Rb8 46. Re2+ Kf5 47. b5 g4 48. b6 f3 49. gxf3 gxf3 50. Rf2 Ke4 51. Kc6 Ke3 52. Rxf3+ Kxf3 53. Kc7 Rh8 54. b7 Rh7+ 55. Kc8 Rh8+ 56. Kc7 Rh7+ 57. Kb6 Rh6+ 58.
Ka7 Rh7 59. Ka8 Rxh2 60. b8=Q Re2 61. Qf8+ Ke3 62. Qe8+ Kd2 63. Qxe2+ Kxe2 64. b4 Kd3 65. b5 Kc4 66. b6 1-0

[Event "*** Titled Tuesday Blitz"]
[Site "Chess.com"]
[Date "2021.03.16"]
[Round "3"]
[White "esrosenberg"]
[Black "GameOverBro"]
[Result "0-1"]
[WhiteElo "2220"]
[BlackElo "2525"]
[TimeControl "180+1"]
[EndTime "10:29:16 PDT"]
[Termination "GameOverBro won by checkmate"]

1. Nf3 d5 2. c4 dxc4 3. e3 Nf6 4. Bxc4 g6 5. O-O Bg7 6. d4 O-O 7. h3 a6 8. a4 Nbd7 9. a5 c5 10. d5 Ne4 11. Nc3 Nxc3 12. bxc3 Bxc3 13. Rb1 Qxa5 14. e4 b5 15. Bb3 c4 16. Bc2 Bb7 17. Bh6 Rfe8 18.
h4 Nf6 19. Ng5 Rad8 20. Qf3 b4 21. h5 b3 22. hxg6 hxg6 23. Bxb3 cxb3 24. Rxb3 Bxd5 25.
Rxc3 Bxe4 26. Nxe4 Nxe4 27. Ra3 Qf5 28. Qxf5 gxf5 29.
Rxa6 Rd6 30. Rxd6 Nxd6 31. Bf4 e5 32. Bg5 Kg7 33. Rd1 Ne4 34. Be3 Re7 35. f3 Nc3 36. Rd8 f4 37. Bc5 Rc7 38. Bf8+ Kf6 39. Bd6 Rc6 40. Bb8 Ne2+ 41. Kh2 Nd4 42. Re8 Ne6 43. Rh8 Rc2 44. Rh6+ Kg5 45. Rh7 f6 46. Rh8 Kf5 47.
Rh5+ Ng5 48. Ba7 Kg6 49. Rh8 Nxf3+ 50. Kh3 Ng5+ 51. Kh2 f3 52. Bb8 Rxg2+ 53. Kh1 Kf5 54.
Rg8 Rb2 55. Ba7 e4 56. Bg1 Nh3 57. Bh2 Rb1+ 58. Bg1 Rxg1+ 59. Rxg1 Nxg1 60. Kxg1 e3 61. Kf1 Kf4 62. Ke1 Kg3 63. Kf1 e2+ 64. Ke1 Kg2 65. Kd2 f2 66. Kxe2 f1=Q+ 67. Ke3 Qf5 68. Ke2 Qe5+ 69. Kd3 f5 70. Kd2 f4 71. Kd3 f3 72. Kd2 f2 73. Kc2 f1=Q 74. Kd2 Qff4+ 75. Kd1 Qf2 76. Kc1 Qee1# 0-1

[Event "*** Titled Tuesday Blitz"]
[Site "Chess.com"]
[Date "2021.03.16"]
[Round "3"]
[White "Paladin61"]
[Black "MagzyPotato"]
[Result "1-0"]
[WhiteElo "2769"]
[BlackElo "2368"]
[TimeControl "180+1"]
[EndTime "10:29:21 PDT"]
[Termination "Paladin61 won by resignation"]

1. b3 e5 2. Bb2 Nc6 3. e3 Nf6 4.
Bb5 e4 5. f3 a6 6. Bxc6 dxc6 7.
Nc3 Bd6 8. fxe4 O-O 9. Nf3 Re8 10. d3 Ng4 11. Qd2 Bc5 12. Nd1 f5 13. e5 Be6 14. h3 Nh6 15. Nc3 f4 16. exf4 Nf5 17. Nd1 Bd5 18. Rf1 Ng3 19. Rf2 Bxf2+ 20. Qxf2 Nh1 21.
Qe3 Ng3 22. Nc3 Nf5 23. Qf2 Bxf3 24. Qxf3 Qh4+ 25. Kd2 Nd4 26. Qe3 Nf5 27. Qf3 Nd4 28. Qe3 Nf5 29. Qe4 Qf2+ 30. Ne2 Ng3 31. Qe3 Qxg2 32. Qxg3 Qd5 33. Rg1 g6 34. c4 Qe6 35.
Nd4 Qf7 36. f5 Rad8 37. fxg6 hxg6 38. Qxg6+ Qxg6 39. Rxg6+ Kf7 40. Rf6+ Ke7 41. Nf5+ Kd7 42. Rf7+ Kc8 43. d4 Rh8 44. h4 Rdg8 45. Kc3 Rg2 46. Ba3 b6 47. Be7 Rh5 48. Bg5 Kb8 49. Ne7 Kb7 50. d5 cxd5 51. Nxd5 Rg3+ 52. Kd4 Rg4+ 53. Ke3 Rg3+ 54. Kf2 Rgxg5 55. hxg5 Rxg5 56.
Rxc7+ Kb8 57. Re7 b5 58. cxb5 axb5 59. Ke3 Rg2 60. a4 bxa4 61. bxa4 Ra2 62. Nc3 Ra3 63. Kd4 Ra1 64. e6 Kc8 65. Ra7 Kd8 66. e7+ Ke8 67.
Nd5 Rd1+ 68. Kc5 Rc1+ 69. Kd6 Rd1 70. Ra8+ 1-0

[Event "*** Titled Tuesday Blitz"]
[Site "Chess.com"]
[Date "2021.03.16"]
[Round "3"]
[White "ukchessbomber"]
[Black "lukazz029"]
[Result "1/2-1/2"]
[WhiteElo "2517"]
[BlackElo "2226"]
[TimeControl "180+1"]
[EndTime "10:29:22 PDT"]
[Termination "Game drawn by repetition"]

1. d4 Nf6 2. c4 g6 3. Nc3 Bg7 4. e4 d6 5. Be2 O-O 6. Be3 e5 7. d5 a5 8. g4 Nfd7 9. g5 f5 10. gxf6 Nxf6 11. h4 h6 12. Qd2 Kh7 13. h5 g5 14. Bxg5 hxg5 15. Qxg5 Qe8 16. Nf3 Bh6 17. Qh4 Qf7 18. Kd1 Rg8 19. Kc2 Na6 20. Rag1 Bd7 21.
Rg6 Rxg6 22. hxg6+ Qxg6 23. Rg1 Ng4 24. Kb1 Rg8 25.
Nh2 Qg5 26. Qxg5 Rxg5 27. Bxg4 Bxg4 28. Nxg4 Bg7 29. Ne2 Nc5 30. f3 Kg8 31. Ne3 Rxg1+ 32. Nxg1 Nd3 33. Kc2 Nf4 34. a3 Kf7 35. b4 axb4 36.
axb4 Bf6 37. Nf5 Bg5 38. Ng3 Be7 39. N1e2 Ng2 40. Nf5 Ne1+ 41. Kb3 Nxf3 42. Ka4 Ng5 43. Nc3 Kf6 44. Nh6 Nf3 45. Ng8+ Kf7 46. Nh6+ Kg6 47. Nf5 Kf6 48. Nb5 Bd8 49. c5 Nd2 50. Nc3 Nxe4 51.
Nxe4+ Kxf5 52. Nc3 e4 53. Kb3 e3 54. Kc4 Kf4 55.
Kd3 Bf6 56. Ne2+ Kf3 57. c6 b6 58. b5 Be5 59. Nc1 Kf2 60. Ne2 Bh2 61. Nd4 Be5 62.
Ne2 Bf6 63. Nc1 Bb2 64. Ne2 Ba3 65. Nf4 Bc5 66. Ne2 Ba3 67. Nd4 Bb2 68. Ne2 Be5 69.
Nc1 Bf6 70. Ne2 Be5 71. Nc1 Bb2 72. Ne2 1/2-1/2

[Event "*** Titled Tuesday Blitz"]
[Site "Chess.com"]
[Date "2021.03.16"]
[Round "3"]
[White "SF-96"]
[Black "Agnes66678"]
[Result "0-1"]
[WhiteElo "2592"]
[BlackElo "2425"]
[TimeControl "180+1"]
[EndTime "10:29:28 PDT"]
[Termination "Agnes66678 won by checkmate"]

1. e4 d6 2. d4 Nf6 3. Nc3 e5 4.
Nf3 Nbd7 5. Bc4 Be7 6. O-O O-O 7.
Re1 c6 8. a4 a5 9. h3 Nb6 10. Ba2 Nfd7 11. Be3 exd4 12. Nxd4 Nc5 13. Nf5 Bxf5 14. exf5 Nbd7 15. Qd2 d5 16. Rad1 Bf6 17. Bf4 Qb6 18. Rb1 Rfe8 19. Bg3 Qb4 20. Bd6 d4 21.
Rxe8+ Rxe8 22. Re1 Rd8 23. Ne4 Qxd2 24. Nxd2 Nxa4 25. Nc4 Ra8 26. Bc7 h5 27. Nd6 Nxb2 28. Bxf7+ Kh8 29. Bxh5 a4 30. Be8 Ne5 31. Nf7+ Nxf7 32.
Bxf7 a3 33. Ba2 Rc8 34. Bd6 c5 35. f4 c4 36. Bxa3 c3 37. Bb3 d3 38. cxd3 Ra8 39. Bxb2 cxb2 40. Rb1 Ra1 41. Bc2 Ra3 42. Kf1 b5 43.
Ke2 b4 44. Kd2 b3 45. g4 bxc2 46. Kxc2 Rc3+ 47. Kd2 Rc6 48. g5 Bd4 49. h4 Kg8 50. h5 Kf7 51. g6+ Kf6 52. h6 gxh6 53. Rg1 Kxf5 54. g7 Bxg7 55. Rxg7 b1=Q 56. Rf7+ Ke6 57. Rh7 Qc2+ 58. Ke3 Qc1+ 59. Ke4 Rc2 60. Kf3 Kd5 61.
Rd7+ Ke6 62. Rh7 Qf1+ 63. Ke3 Re2+ 64. Kd4 Qxf4+ 65. Kc3 Qd2+ 66. Kc4 Qc2+ 67. Kd4 Qb2+ 68. Kc4 Rc2# 0-1

[Event "*** Titled Tuesday Blitz"]
[Site "Chess.com"]
[Date "2021.03.16"]
[Round "3"]
[White "AttilaTurzo"]
[Black "KyrgyzFighter"]
[Result "0-1"]
[WhiteElo "2548"]
[BlackElo "2404"]
[TimeControl "180+1"]
[EndTime "10:29:29 PDT"]
[Termination "KyrgyzFighter won by resignation"]

1. d4 f5 2. g3 Nf6 3. Bg2 g6 4. Nf3 Bg7 5. O-O O-O 6. b3 Ne4 7. Bb2 d5 8. c4 c6 9. Nbd2 h6 10.
Ne5 g5 11. f3 Nd6 12. c5 Ne8 13. e4 Nf6 14. Qc2 f4 15. g4 Be6 16. h3 Nbd7 17. Rfe1 Nxe5 18. dxe5 Nd7 19. exd5 cxd5 20. b4 a5 21. a3 Rc8 22. Qd3 b6 23. cxb6 Nxb6 24. Nb3 Nc4 25. Bd4 axb4 26. axb4 Rb8 27. Nc5 Bc8 28. Rab1 e6 29. Bf1 Qe8 30. Qc3 Nb6 31. b5 Rf7 32. Na6 Rbb7 33. Rec1 Bd7 34. Bd3 Rf8 35.
Qa5 Nc4 36. Bxc4 dxc4 37. b6 Bc6 38. Kf2 Qd8 39. Rd1 Rd7 40. Nb4 Bb7 41. Qc5 Re8 42.
Na2 Rd5 43. Qxc4 Bxe5 44. Bxe5 Rxd1 45. Rxd1 Qxd1 46. Qe2 Qxe2+ 47. Kxe2 Rc8 48. Bc7 Ra8 49. Nc3 Ra3 50. Ne4 Bxe4 51. fxe4 Rb3 52. e5 Kf7 53. Kd2 Ke7 54. Kc2 Rb5 55. Kc3 Kd7 56. Kc4 Kc6 57. Bd8 Rb1 58. Bf6 Rh1 59. Kd3 Kxb6 60. Ke2 Rxh3 61.
Bg7 Kc6 62. Kf2 Kd5 63. Kg2 Rg3+ 64. Kf2 Rxg4 65. Bxh6 Rg3 66. Bg7 Ke4 67. Bf6 g4 68.
Bh4 Rb3 69. Kg2 Rb2+ 70. Kf1 Kf3 0-1

[Event "*** Titled Tuesday Blitz"]
[Site "Chess.com"]
[Date "2021.03.16"]
[Round "3"]
[White "alexrustemov"]
[Black "Beltraxtor"]
[Result "0-1"]
[WhiteElo "2782"]
[BlackElo "2595"]
[TimeControl "180+1"]
[EndTime "10:29:34 PDT"]
[Termination "Beltraxtor won on time"]

1. d4 d5 2. Nf3 Nf6 3. c4 c6 4. e3 Bf5 5. Nc3 a6 6. Nh4 Bc8 7. Bd3 b5 8. c5 g6 9. f4 Bg7 10. O-O O-O 11. a3 Bg4 12. Qc2 a5 13. Bd2 Na6 14. h3 Bd7 15. Nf3 Nh5 16. g4 Ng3 17. Rf2 f5 18. g5 Ne4 19. Rh2 Kf7 20. Ne2 Nc7 21. h4 Ne6 22. Kg2 Bc8 23. h5 Ke8 24.
Rah1 Kd7 25. hxg6 hxg6 26. Rh7 Rg8 27. Be1 Qf8 28. Nh4 Qf7 29. Ng1 Nf8 30. Rxg7 Qxg7 31. Ngf3 Bb7 32. Ne5+ Kc7 33. Bxe4 fxe4 34. Bd2 Bc8 35. Qd1 Be6 36. Qe1 Rh8 37. Bxa5+ Kb7 38. Bd2 Rh5 39. Qe2 Qh7 40. Be1 Nd7 41. Nexg6 Rg8 42.
Ne5 Nxe5 43. dxe5 Bf5 44. Bg3 e6 45. Qe1 Bg4 46. Rh2 Rh8 47. Qa5 Qc7 48. Qb4 Qd8 49. Kf2 Qc7 50. Kg1 Ra8 51. b3 Qa5 52. Be1 Qxa3 53. Ng2 Qxb4 54. Bxb4 Rxh2 55. Kxh2 Bf3 56.
Kg3 Bxg2 57. Kxg2 Kc7 58. Kg3 Kd7 59. Kg4 Ke7 60. f5 exf5+ 61. Kxf5 Rf8+ 62. Kg6 Ke6 63. Bc3 Rg8+ 64. Kh6 Kf5 65. e6 Rg6+ 66. Kh5 Rxg5+ 67. Kh4 Rg8 68. e7 Re8 0-1

[Event "*** Titled Tuesday Blitz"]
[Site "Chess.com"]
[Date "2021.03.16"]
[Round "3"]
[White "Taran2004"]
[Black "Skatchkov_V"]
[Result "1-0"]
[WhiteElo "2427"]
[BlackElo "2605"]
[TimeControl "180+1"]
[EndTime "10:29:35 PDT"]
[Termination "Taran2004 won by resignation"]

1. e4 e5 2. Nf3 d5 3. exd5 e4 4.
Nd4 Qxd5 5. Nb3 Qe5 6. Nc3 Nf6 7. Bc4 Bd6 8. g3 Bg4 9. Be2 Bf3 10. O-O Qh5 11. Bxf3 exf3 12. Re1+ Kd8 13. Nd4 Ng4 14. Nxf3 Nc6 15. Kg2 Kd7 16. h3 Nxf2 17. Kxf2 Qxh3 18. Ne4 Ne5 19. Nxe5+ Bxe5 20. Qf3 Bd4+ 21.
Ke2 Rae8 22. Kd3 Bb6 23. c3 Kc8 24. Kc2 f6 25. d3 f5 26. Ng5 Qh2+ 27. Bd2 g6 28.
Rxe8+ Rxe8 29. Rh1 Qe2 30. Qxe2 Rxe2 31. Kd1 Rg2 32.
Rxh7 Rxg3 33. Rg7 Rg2 34. Rxg6 f4 35. Bxf4 Rxb2 36. Rg7 Rxa2 37. Ne6 c6 38. Bd6 a5 39. Nc5 Bxc5 40. Bxc5 a4 41. Rg4 b5 42. c4 Rb2 43.
cxb5 cxb5 44. Rb4 Rg2 45. Rxb5 Kd7 46. Ra5 Ra2 47. d4 Kc6 48. Kc1 Kd5 49. Kb1 Rh2 50. Rxa4 Rh1+ 51. Ka2 Rh2+ 52. Kb3 Rh3+ 53. Kb4 Rh8 54.
Ra6 Rd8 55. Kb5 Rb8+ 56. Rb6 Rd8 57. Rb7 Ra8 58. Rd7+ Ke6 59. Rd6+ Ke7 60. Kc6 Ra6+ 61. Kd5 Ra1 62. Re6+ Kd7 63. Rh6 Rf1 64. Rh7+ Kd8 65. Kc6 Rf6+ 66. Bd6 Kc8 67. Rh8+ 1-0

[Event "*** Titled Tuesday Blitz"]
[Site "Chess.com"]
[Date "2021.03.16"]
[Round "3"]
[White "olksuna"]
[Black "GMaka"]
[Result "1/2-1/2"]
[WhiteElo "2671"]
[BlackElo "2455"]
[TimeControl "180+1"]
[EndTime "10:29:36 PDT"]
[Termination "Game drawn - insufficient material"]

1. e4 c6 2. Nf3 d5 3. Nc3 Bg4 4. h3 Bxf3 5. Qxf3 e6 6. d4 Bb4 7. Qg3 g6 8. Bd2 Nf6 9. exd5 cxd5 10. Bd3 Nc6 11. a3 Bd6 12. Qh4 Be7 13. Qf4 Qd6 14. Qxd6 Bxd6 15. Ne2 Ne4 16. Be3 f5 17. O-O O-O 18. f3 Ng3 19. Rfe1 Nxe2+ 20. Rxe2 Bg3 21. c3 a6 22. Rf1 Rae8 23. Bf2 Bxf2+ 24. Kxf2 e5 25.
dxe5 Nxe5 26. Rd1 Nc6 27. Rxe8 Rxe8 28. Bb1 Rd8 29. Ba2 Ne7 30. Ke3 Kf7 31. Kd4 Ke6 32.
Kc5 Rd6 33. Re1+ Kd7 34. Kd4 Nc6+ 35. Ke3 Re6+ 36. Kd2 Rxe1 37. Kxe1 Kd6 38. f4 Kc5 39. Kd2 a5 40. a4 Nd8 41. Ke3 Nf7 42. g3 Nd6 43. Kd3 Ne4 44. g4 fxg4 45. hxg4 Nf2+ 46. Ke2 Nxg4 47. Kf3 Nf6 48. Bb1 Kc4 49. Bc2 d4 50. cxd4 Kxd4 51. Bb3 b6 52. Be6 Kc5 53. Ke3 Kb4 54.
Kd4 Kxa4 55. Ke5 Ne8 56. Bg8 Kb4 57. Bxh7 Ng7 58. Bxg6 Kb3 59. Kf6 Kxb2 60. Kxg7 a4 61. Bf7 b5 62. f5 b4 63. f6 a3 64. Bd5 b3 65. Bxb3 a2 66. f7 Kxb3 67. f8=Q a1=Q+ 68. Kg8 Qg1+ 69. Qg7 Qxg7+ 70. Kxg7 1/2-1/2

[Event "*** Titled Tuesday Blitz"]
[Site "Chess.com"]
[Date "2021.03.16"]
[Round "3"]
[White "bait_or_mate"]
[Black "Sanan_Sjugirov"]
[Result "0-1"]
[WhiteElo "2497"]
[BlackElo "2899"]
[TimeControl "180+1"]
[EndTime "10:29:38 PDT"]
[Termination "Sanan_Sjugirov won by resignation"]

1. d4 Nf6 2. c4 e6 3. Nf3 d5 4. g3 Bb4+ 5. Bd2 Be7 6. Bg2 O-O 7. O-O c6 8. Qc2 b6 9. Bf4 Ba6 10. Nbd2 Nbd7 11. Rfd1 Rc8 12. Qa4 Bxc4 13. Nxc4 b5 14. Qxa7 bxc4 15. b3 cxb3 16. axb3 c5 17. Ne5 cxd4 18.
Qxd4 Bc5 19. Qd3 Nxe5 20. Bxe5 Bxf2+ 21. Kh1 Ng4 22. Bd4 e5 23. Bh3 Bxd4 24. Bxg4 Rc3 25.
Qb5 Qg5 26. Bf3 Rxf3 27. exf3 Bxa1 28. Rxa1 Qd2 29. Ra5 Qf2 30. Qd3 Rc8 31. Ra1 h5 32. Qf5 Re8 33. Qxh5 g6 34. Qg4 e4 35. fxe4 dxe4 36. Qd1 e3 37. Qf1 Qb2 38. Ra7 Qxb3 39. Qe2 Qd5+ 40. Kg1 Qe4 41. Ra3 Qd4 42. Rd3 Qc5 43. Rd1 Re6 44. Rf1 Kg7 45. Kg2 Qc6+ 46. Qf3 Qd7 47. Re1 Qe7 48. Re2 Re5 49. Qf4 Qe6 50.
Qd4 f6 51. Qa7+ Kh6 52. Qd4 g5 53. h4 Qc6+ 54. Kh2 Qf3 55. Qd1 gxh4 56. gxh4 Qf4+ 57. Kh1 Qf3+ 58. Kh2 Re4 59. Qe1 Rg4 60. Ra2 Qf4+ 61. Kh1 Qe4+ 62. Kh2 Rxh4+ 63. Kg1 Rg4+ 64. Kf1 Qf3+ 65.
Rf2 Qxf2+ 66. Qxf2 exf2 67. Kxf2 Rg5 0-1